 Dungeon Crawl Stone Soup version 0.18.1-48-g4cf74bf (webtiles) character file.

130 Freeplumber the Skirmisher (level 4, -5/45 HPs)
             Began as a Troll Chaos Knight on July 12, 2016.
             Slain by a worker ant (6 damage)
             ... on level 4 of the Dungeon.
             The game lasted 00:11:52 (1319 turns).

Freeplumber the Skirmisher (Troll Chaos Knight)     Turns: 1319, Time: 00:11:53

Health: -5/45      AC:  7    Str: 20    XL:     4   Next: 89%
Magic:  3/3        EV: 10    Int:  8    God:    Xom [..*...]
Gold:   99         SH:  0    Dex: 10    Spells: 0 memorised, 3 levels left

rFire  . . .     SeeInvis .     a - +0 mace (chaos)
rCold  . . .     Gourm    +     b - +2 robe
rNeg   . . .     Faith    .     (no shield)
rPois  .         Spirit   .     (helmet restricted)
rElec  .         Dismiss  .     (no cloak)
rCorr  .         Reflect  .     (gloves unavailable)
SustAt .         Harm     .     (boots unavailable)
MR     .....                    (no amulet)
Stlth  +.........               (no ring)
                                (no ring)

@: lethally poisoned (-5 -> -10), very slightly contaminated, not resistant to
hostile enchantments, very unstealthy
A: unfitting armour, claws 3, fast metabolism 3, gourmand, regeneration 2,
shaggy fur 1, tough skin 2
a: Renounce Religion


You were on level 4 of the Dungeon.
You worshipped Xom.
You were a toy of Xom.
You were not hungry.

You visited 1 branch of the dungeon, and saw 4 of its levels.

You collected 99 gold pieces.

Inventory:

Hand Weapons
 a - a +0 mace of chaos (weapon)
Armour
 b - a +2 robe (worn)
Scrolls
 e - a scroll of magic mapping
 h - 2 scrolls of identify
Comestibles
 c - 2 bread rations
 g - 2 meat rations
 j - a royal jelly
 l - a beef jerky


   Skills:
 + Level 3.5 Fighting
 + Level 3.4 Maces & Flails
 + Level 2.8 Dodging
 + Level 0.2 Stealth


You had 3 spell levels left.
You didn't know any spells.

Dungeon Overview and Level Annotations

Branches:
Dungeon (4/15)
 Temple: D:4-7

Altars:
Cheibriados
Nemelex Xobeh


Innate Abilities, Weirdness & Mutations

You are too large for most types of armour.
You have claws for hands.
Your metabolism is lightning-fast.
You like to eat raw meat.
You heal very quickly.
You are covered in fur (AC +1).
You have very tough skin (AC +2).


Message History

As you read the scroll of noise, it crumbles to dust.
You hear a loud clanging noise!
* * * LOW HITPOINT WARNING * * *
You feel sick.
You hear a shout! x2
Something bites you.
* * * LOW HITPOINT WARNING * * *
The quokka skeleton closely misses you.
You barely miss something.
You flicker back into view.
* * * LOW HITPOINT WARNING * * *
You feel sick.
The worm seems less confused.
Something bites you but does no damage. The quokka skeleton closely misses you.
Something bites you but does no damage.
You barely miss something.
* * * LOW HITPOINT WARNING * * *
You feel sick.
The quokka skeleton bites you but does no damage.
Something bites you.
You die...

...... ..♣.♣ #.#.# ####
##.#.# ...
♣.♣#♣###....####.#
#........b....##.####..#
♣.♣.♣.#..bb)b<.........#
...#..w{.o.....###..##
♣#♣###..@.#...>.....Z.o
###.Z####.<....a# #..#
#..##.#.# #..# #..# #
#..# #.w# #..# #..# #...
..... ##.####.... ......


You could see a worm, an orc and a quokka skeleton.

Vanquished Creatures
  An orc wizard (D:4)
  3 adders (D:3)
  4 worms (D:3)
  4 dart slugs
  A giant gecko (D:3)
  8 orcs
  3 giant cockroaches
  2 goblins
  8 hobgoblins
  7 jackals (D:3)
  2 kobolds
  A quokka (D:2)
  A ball python (D:3)
  3 bats
  3 rats
51 creatures vanquished.

Vanquished Creatures (collateral kills)
  A jackal (D:3)
  A giant newt (D:1)
2 creatures vanquished.

Grand Total: 53 creatures vanquished

Notes
Turn   | Place    | Note
--------------------------------------------------------------
     0 | D:1      | Freeplumber the Troll Chaos Knight began the quest for the Orb.
     0 | D:1      | Reached XP level 1. HP: 22/22 MP: 0/0
   159 | D:1      | Reached XP level 2. HP: 26/29 MP: 1/1
   439 | D:1      | XOM: silly message
   492 | D:2      | Found a sparkling altar of Nemelex Xobeh.
   555 | D:2      | Found a snail-covered altar of Cheibriados.
   647 | D:3      | Reached XP level 3. HP: 37/37 MP: 2/2
   661 | D:3      | XOM: confuse monster(s)
   669 | D:3      | XOM: harmless Erth miscast
   908 | D:3      | Reached XP level 4. HP: 35/45 MP: 3/3
   994 | D:3      | XOM: potion effect (berserk rage)
  1055 | D:3      | XOM: divination: magic mapping
  1204 | D:3      | XOM: harmless Chrm miscast
  1306 | D:4      | XOM: cast spell 'Summon Butterflies'
  1318 | D:4      | HP: 2/45 [poisoned by a worker ant]
  1319 | D:4      | Slain by a worker ant

Skill      XL: |  1  2 |
---------------+-------+-----
Maces & Flails | 3 |  3.4
Dodging        | 2 |  2.8
Fighting       | 3 |  3.5
Stealth        | |  0.2

Action                   |  1- 3 |  4- 6 || total
-------------------------+-------+-------++-------
Melee: Mace              |   114 |    61 ||   175
  Use: Potion            |     4 |     1 ||     5
       Scroll            |     3 |     3 ||     6
 Stab: Invisible         |     1 |     1 ||     2
       Confused          |     1 |       ||     1
       Paralysed         |     1 |       ||     1
       Petrified         |       |     1 ||     1
  Eat: Chunk             |     3 |     1 ||     4
       Pizza             |     1 |     1 ||     2
       Bread ration      |       |     1 ||     1
Armor: Robe              |    49 |    43 ||    92
Dodge: Dodged            |    75 |    56 ||   131
